[Event "110th Anniversary WIM 2020"]
[Site "Hilleroed"]
[Date "2020.02.08"]
[Round "1.1"]
[White "Zaritovskaja, Margarita"]
[Black "Guindy, Esmat Susanne"]
[Result "1/2-1/2"]
[ECO "C13"]
[WhiteElo "2022"]
[BlackElo "2143"]
[Annotator "ChessBase"]
[PlyCount "79"]
[EventDate "2020.02.08"]
[EventType "tourn"]
[EventCountry "DEN"]
[SourceTitle "playchess.com"]
[Source "ChessBase"]
[SourceQuality "1"]
[TimeControl "40/5400+30:1800+30"]

1. e4 e6 2. d4 d5 3. Nc3 Nf6 4. Bg5 dxe4 5. Nxe4 Be7 6. Bxf6 gxf6 7. Nf3 b6 8. Bc4 Bb7 9. Qe2 c6 10. O-O-O Qc7 11. Rhe1 Nd7 12. Kb1 O-O-O 13. Ba6 Rhg8 14. g3 f5 15. Bxb7+ Kxb7 16. Ned2 Bf6 17. Nc4 Rg4 18. Ne3 Rg7 19. Nc4 Rg4 20. Ne3 Rgg8 21. Nc4 b5 22. Ncd2 Nb6 23. Nb3 Na4 24. c4 a6 25. Rc1 Rg4 26. Qd2 c5 27. cxb5 axb5 28. Nxc5+ Nxc5 29. Qb4 Be7 30. Qxb5+ Qb6 31. Qxb6+ Kxb6 32. dxc5+ Bxc5 33. Ne5 Re4 34. Nxf7 Rd2 35. f3 Ree2 36. Rxe2 Rxe2 37. Rc2 Re1+ 38. Rc1 Re2 39. Rc2 Re1+ 40. Rc1 1/2-1/2

[Event "110th Anniversary WIM 2020"]
[Site "Hilleroed"]
[Date "2020.02.08"]
[Round "1.2"]
[White "Nastase, Andreea-Cristina"]
[Black "Kakulidis, Ellen"]
[Result "1/2-1/2"]
[ECO "D31"]
[WhiteElo "2090"]
[BlackElo "2052"]
[Annotator "NA"]
[PlyCount "80"]
[EventDate "2020.02.08"]
[EventType "tourn"]
[EventCountry "DEN"]
[SourceTitle "playchess.com"]
[Source "ChessBase"]
[SourceQuality "1"]
[TimeControl "40/5400+30:1800+30"]

1. d4 d5 2. c4 e6 3. Nc3 Be7 4. cxd5 exd5 5. Bf4 c6 6. e3 Bd6 7. Bxd6 Qxd6 8. Bd3 Ne7 9. Qc2 b6 10. Nf3 Ba6 11. O-O Bxd3 12. Qxd3 Nd7 13. e4 O-O 14. e5 Qe6 15. Ng5 Qg6 16. Qxg6 Nxg6 17. b4 h6 18. Nf3 Ne7 19. Rfd1 Rfd8 20. h3 Nf8 21. Rd2 Ne6 22. Rad1 Rac8 23. a4 a5 24. bxa5 bxa5 25. Rb1 Rb8 26. Rdb2 Rxb2 27. Rxb2 Nf5 28. Ne2 c5 29. dxc5 Nxc5 30. g4 Ne7 31. Rb5 Nxa4 32. Rxa5 Nb6 33. Nfd4 Ra8 34. Rb5 Nc4 35. Rb7 Re8 36. e6 fxe6 37. Nxe6 Kf7 38. N2d4 Nd6 39. Rd7 Nb5 40. Nxb5 Kxe6 1/2-1/2

[Event "110th Anniversary WIM 2020"]
[Site "Hilleroed"]
[Date "2020.02.08"]
[Round "1.4"]
[White "Miturova, Magdalena"]
[Black "Kejzar, Petra"]
[Result "1/2-1/2"]
[ECO "C00"]
[WhiteElo "2185"]
[BlackElo "2072"]
[Annotator "ChessBase"]
[PlyCount "53"]
[EventDate "2020.02.08"]
[EventType "tourn"]
[EventCountry "DEN"]
[SourceTitle "playchess.com"]
[Source "ChessBase"]
[SourceQuality "1"]
[TimeControl "40/5400+30:1800+30"]

1. e4 c5 2. Nf3 e6 3. g3 Nc6 4. Bg2 d6 5. O-O Be7 6. c3 Nf6 7. Qe2 e5 8. Na3 Bg4 9. h3 Bh5 10. d3 O-O 11. Nc4 Qc7 12. Ne3 Rad8 13. g4 Bg6 14. Nh4 Rfe8 15. Qf3 Bf8 16. Nxg6 hxg6 17. g5 Nh7 18. Nd5 Qb8 19. h4 Be7 20. Bh3 Rf8 21. Qg4 b5 22. Kg2 Qb7 23. h5 gxh5 24. Qxh5 g6 25. Qh6 f6 26. Be6+ Kh8 27. Rh1 1/2-1/2

[Event "110th Anniversary WIM 2020"]
[Site "Hilleroed"]
[Date "2020.02.08"]
[Round "1.5"]
[White "Nilssen, Ellen Fredericia"]
[Black "Berke, Ana"]
[Result "1-0"]
[ECO "E10"]
[WhiteElo "2065"]
[BlackElo "2152"]
[Annotator "ChessBase"]
[PlyCount "96"]
[EventDate "2020.02.08"]
[EventType "tourn"]
[EventCountry "DEN"]
[SourceTitle "playchess.com"]
[Source "ChessBase"]
[SourceQuality "1"]
[TimeControl "40/5400+30:1800+30"]

1. d4 Nf6 2. Nf3 e6 3. c4 c5 4. d5 b5 5. Bg5 exd5 6. cxd5 d6 7. e4 a6 8. a4 Be7 9. Bxf6 Bxf6 10. Ra2 O-O 11. Be2 Re8 12. Nbd2 b4 13. O-O Bg4 14. Ne1 Bxe2 15. Qxe2 Qe7 16. Nd3 Nd7 17. Re1 Rab8 18. Nc4 b3 19. Raa1 Nb6 20. Na5 Qd7 21. Nc6 Rbc8 22. Qd1 c4 23. a5 Na8 24. e5 dxe5 25. Ndxe5 Bxe5 26. Nxe5 Qd6 27. Qd4 Nc7 28. Nxc4 Qxd5 29. Qxd5 Nxd5 30. Nd6 Rxe1+ 31. Rxe1 Rb8 32. g3 Kf8 33. Rc1 Ke7 34. Nf5+ Kf6 35. Nd4 Nb4 36. Rc3 Rd8 37. Nxb3 g6 38. Nc5 Rd5 39. Nxa6 Rd1+ 40. Kg2 Nd3 41. b4 Rd2 42. Rxd3 Rxd3 43. b5 Ke5 44. b6 Rb3 45. Nc5 Rb5 46. a6 Kd6 47. a7 Rxb6 48. Ne4+ Kd5 1-0

[Event "110th Anniversary WIM 2020"]
[Site "Hilleroed"]
[Date "2020.02.09"]
[Round "2.1"]
[White "Zaritovskaja, Margarita"]
[Black "Nastase, Andreea-Cristina"]
[Result "1-0"]
[ECO "B80"]
[WhiteElo "2022"]
[BlackElo "2090"]
[Annotator "NA"]
[PlyCount "89"]
[EventDate "2020.02.08"]
[EventType "tourn"]
[EventCountry "DEN"]
[SourceTitle "playchess.com"]
[Source "ChessBase"]
[SourceQuality "1"]
[TimeControl "40/5400+30:1800+30"]

1. e4 c5 2. Nf3 d6 3. d4 cxd4 4. Nxd4 Nf6 5. Nc3 a6 6. Be3 e6 7. f3 b5 8. Qd2 Nbd7 9. Bd3 Nb6 $14 10. a4 Nc4 11. Bxc4 bxc4 12. O-O Bb7 13. a5 d5 14. e5 Nd7 15. f4 g6 16. Rae1 Qxa5 17. f5 gxf5 18. Bg5 Bc5 19. Kh1 Bxd4 20. Qxd4 Qc5 21. Qh4 d4 22. Ne2 Be4 23. Nf4 Qxe5 24. Nh5 Rg8 25. Ng3 Qg7 26. Nxe4 fxe4 27. Qxe4 Qxg5 28. Qxa8+ Ke7 29. Qf3 f6 30. Qe4 e5 31. Rf2 Kd6 32. Qxh7 Rg6 33. Qh3 Rh6 34. Qf3 Nc5 35. b4 cxb3 36. cxb3 e4 37. Qe2 Nd3 38. Ra1 Nxf2+ 39. Qxf2 Qe5 40. Rxa6+ Ke7 41. h3 Kf7 42. Ra7+ Kg6 43. Qe2 Rh4 44. Qc4 Rh7 45. Qg8+ 1-0

[Event "110th Anniversary WIM 2020"]
[Site "Hilleroed"]
[Date "2020.02.09"]
[Round "2.2"]
[White "Kakulidis, Ellen"]
[Black "Stanford, Sheila Barth"]
[Result "1/2-1/2"]
[ECO "E01"]
[WhiteElo "2052"]
[BlackElo "2145"]
[Annotator "ChessBase"]
[PlyCount "56"]
[EventDate "2020.02.08"]
[EventType "tourn"]
[EventCountry "DEN"]
[SourceTitle "playchess.com"]
[Source "ChessBase"]
[SourceQuality "1"]
[TimeControl "40/5400+30:1800+30"]

1. d4 Nf6 2. Nf3 d5 3. c4 e6 4. g3 dxc4 5. Qa4+ Bd7 6. Qxc4 Bc6 7. Bg2 a6 8. O-O Be7 9. Qd3 O-O 10. Nc3 b5 11. Ne5 Bxg2 12. Kxg2 c5 13. dxc5 Bxc5 14. Qf3 Nbd7 15. Nxd7 Nxd7 16. Rd1 Qe7 17. Ne4 Ba7 18. Bf4 f5 19. Nc3 Rfe8 20. Qb7 Nc5 21. Qxe7 Rxe7 22. Bd6 Rb7 23. Rac1 Nd7 24. Nb1 Nf6 25. Be5 Nd7 26. Bd6 Nf6 27. Be5 Nd7 28. Bd6 Nf6 1/2-1/2

[Event "110th Anniversary WIM 2020"]
[Site "Hilleroed"]
[Date "2020.02.09"]
[Round "2.3"]
[White "Baliuniene, Margarita"]
[Black "Miturova, Magdalena"]
[Result "0-1"]
[ECO "E14"]
[WhiteElo "1982"]
[BlackElo "2185"]
[Annotator "ChessBase"]
[PlyCount "62"]
[EventDate "2020.02.08"]
[EventType "tourn"]
[EventCountry "DEN"]
[SourceTitle "playchess.com"]
[Source "ChessBase"]
[SourceQuality "1"]
[TimeControl "40/5400+30:1800+30"]

1. d4 Nf6 2. c4 e6 3. Nf3 Bb4+ 4. Nbd2 O-O 5. a3 Be7 6. e3 d5 7. Bd3 b6 8. O-O Bb7 9. b4 a5 10. bxa5 Rxa5 11. Bb2 Nbd7 12. Qc2 Qa8 13. cxd5 exd5 14. Ne5 Nxe5 15. dxe5 Rc5 16. Qb1 Ne4 17. Nb3 Rc6 18. f3 Nc3 19. Bxh7+ Kh8 20. Bxc3 Rxc3 21. Bd3 c5 22. Rc1 Rxc1+ 23. Nxc1 c4 24. Bf5 Bc5 25. Ne2 Bxe3+ 26. Kh1 d4 27. Bg4 d3 28. Ng3 Bd4 29. Ra2 Qa5 30. e6 fxe6 31. Bxe6 Re8 0-1

[Event "110th Anniversary WIM 2020"]
[Site "Hilleroed"]
[Date "2020.02.09"]
[Round "2.4"]
[White "Kejzar, Petra"]
[Black "Nilssen, Ellen Fredericia"]
[Result "1-0"]
[ECO "B37"]
[WhiteElo "2072"]
[BlackElo "2065"]
[Annotator "NA"]
[PlyCount "69"]
[EventDate "2020.02.08"]
[EventType "tourn"]
[EventCountry "DEN"]
[SourceTitle "playchess.com"]
[Source "ChessBase"]
[SourceQuality "1"]
[TimeControl "40/5400+30:1800+30"]

1. c4 c5 2. Nf3 Nc6 3. Nc3 g6 4. d4 cxd4 5. Nxd4 Bg7 6. Nc2 Nf6 7. e4 d6 8. Be2 $11 O-O 9. Be3 a5 10. f3 Be6 11. Na4 Nd7 12. O-O Nc5 13. Nxc5 dxc5 14. Bxc5 Bxb2 15. Rb1 Bf6 16. Bb6 Qxd1 17. Rfxd1 Rfc8 18. f4 Nb4 19. Nxb4 axb4 20. e5 Bg7 21. Rxb4 Rxa2 22. Bd3 Bh6 23. c5 Bg4 24. Re1 Bd7 25. Bc4 Rd2 26. e6 Bxe6 27. Rxe6 Bg7 28. Re4 Ra8 29. Rb1 Kf8 30. Be2 Raa2 31. Bf3 Rac2 32. Ra4 Bc3 33. Be4 Rb2 34. Rxb2 Bxb2 35. Bxb7 1-0

[Event "110th Anniversary WIM 2020"]
[Site "Hilleroed"]
[Date "2020.02.09"]
[Round "2.5"]
[White "Guindy, Esmat Susanne"]
[Black "Berke, Ana"]
[Result "1-0"]
[ECO "A37"]
[WhiteElo "2143"]
[BlackElo "2152"]
[Annotator "ChessBase"]
[PlyCount "149"]
[EventDate "2020.02.08"]
[EventType "tourn"]
[EventCountry "DEN"]
[SourceTitle "playchess.com"]
[Source "ChessBase"]
[SourceQuality "1"]
[TimeControl "40/5400+30:1800+30"]

1. c4 c5 2. Nc3 Nc6 3. g3 e5 4. Bg2 d6 5. d3 g6 6. Nf3 Bg7 7. O-O Nge7 8. Bd2 O-O 9. Qc1 Rb8 10. Rb1 a5 11. a3 b6 12. Re1 f6 13. Na2 d5 14. cxd5 Nxd5 15. b4 axb4 16. axb4 Ncxb4 17. Nxb4 Nxb4 18. Bxb4 cxb4 19. Qc4+ Kh8 20. Rec1 f5 21. h4 Qf6 22. Qxb4 e4 23. Nd2 exd3 24. exd3 Qd4 25. Qxd4 Bxd4 26. Rc4 Rd8 27. Nf3 Bg7 28. d4 Be6 29. Rcb4 Rd6 30. Ne5 Bg8 31. Nc6 Rf8 32. Rxb6 f4 33. Rb8 fxg3 34. Rxf8 Bxf8 35. fxg3 Bd5 36. Rb8 Kg7 37. Bxd5 Rxd5 38. Rd8 Rb5 39. Kg2 Rb3 40. Ne5 Ba3 41. Rd7+ Kg8 42. Ng4 Rb2+ 43. Kh3 h5 44. Ne5 Rb6 45. d5 Bc5 46. Rc7 Bd6 47. Rc8+ Kg7 48. Nc4 Ra6 49. Kg2 Bb4 50. Kf3 Ra1 51. Rb8 Bc5 52. Rb5 Bf8 53. Rb7+ Kf6 54. Rb6+ Kg7 55. Ne5 Rf1+ 56. Kg2 Rd1 57. Rxg6+ Kh7 58. Rg5 Rxd5 59. Rxh5+ Kg7 60. Rg5+ Kh7 61. Nf3 Rd3 62. Rf5 Bd6 63. g4 Kg6 64. h5+ Kh6 65. Rf6+ Kg7 66. g5 Rd5 67. Rg6+ Kh7 68. Kh3 Bc7 69. Kg4 Rc5 70. Rf6 Kg7 71. h6+ Kg8 72. g6 Rc4+ 73. Kh5 Rc5+ 74. Ng5 Be5 75. h7+ {[%emt 0:06:52] Rc4} 1-0

[Event "110th Anniversary WIM 2020"]
[Site "Hilleroed"]
[Date "2020.02.09"]
[Round "3.4"]
[White "Nilssen, Ellen Fredericia"]
[Black "Baliuniene, Margarita"]
[Result "1/2-1/2"]
[ECO "D36"]
[WhiteElo "2065"]
[BlackElo "1982"]
[Annotator "NA RC"]
[PlyCount "106"]
[EventDate "2020.02.08"]
[EventType "tourn"]
[EventCountry "DEN"]
[SourceTitle "playchess.com"]
[Source "ChessBase"]
[SourceQuality "1"]
[TimeControl "40/5400+30:1800+30"]

1. d4 d5 2. Nf3 Nf6 3. c4 e6 4. Nc3 Be7 5. cxd5 exd5 6. Bg5 c6 7. Qc2 Nbd7 8. e3 Nf8 9. Bd3 Ne6 10. Bh4 g6 11. O-O O-O 12. Rab1 Ng7 13. b4 a6 {[%emt 0:00:41] D36: Queen's Gambit Declined: Exchange Variation: Main line (5 Bg5 c6 6 Qc2).} 14. Na4 Nf5 {[%emt 0:04:02] [#]} 15. Bg3 $146 ({Predecessor:} 15. Bg5 $142 Nd6 16. Nc5 Nfe4 17. Bf4 Re8 18. a4 Bf8 19. Rfc1 f6 20. b5 axb5 21. axb5 Nxc5 22. dxc5 Nxb5 23. Bxb5 cxb5 24. Rxb5 {½-½ (38) Socko,M (2441)-Leniart,A (2482) Bialystok 2016}) 15... Nxg3 16. hxg3 Bd6 17. Nd2 Qe7 18. Nc5 Re8 19. Rfe1 Ne4 (19... Qd8 $11 {keeps the balance.}) 20. Ndxe4 ({But not} 20. Bxe4 $6 dxe4 21. Qb3 (21. Ncxe4 Bf5 $17) 21... Be6 $11) 20... dxe4 21. Nxe4 Bxb4 22. Nf6+ (22. Rxb4 $16 Qxb4 23. Nf6+ {[%mdl 64] Double Attack} Kh8 24. Rb1) 22... Qxf6 23. Rxb4 Qd6 24. Reb1 Re7 25. Rb6 Ra7 26. Bc4 (26. a4 $14) 26... Bf5 27. Bd3 Bxd3 28. Qxd3 Qd5 29. Qa3 Rc7 30. Rc1 Ra8 31. Qb2 Qd7 32. d5 Rac8 33. d6 Qxd6 34. Rxb7 c5 35. Rxc7 Qxc7 36. Qc3 Qb6 37. a4 c4 38. Rc2 Qb1+ 39. Rc1 Qa2 40. Qa5 Qb2 41. Rc3 Qb1+ 42. Kh2 Qb7 43. Kg1 Qc6 44. Qb4 Qd5 45. Qb1 Qd2 46. Qb4 Qd1+ 47. Kh2 $15 Qd5 48. Qb1 a5 49. Qc2 Rc5 50. Kg1 Kg7 51. Kh2 g5 52. g4 Rc6 53. Kg1 Rc5 1/2-1/2

[Event "110th Anniversary WIM 2020"]
[Site "Hilleroed"]
[Date "2020.02.09"]
[Round "3.5"]
[White "Berke, Ana"]
[Black "Kejzar, Petra"]
[Result "1/2-1/2"]
[ECO "D55"]
[WhiteElo "2152"]
[BlackElo "2072"]
[Annotator "ChessBase"]
[PlyCount "61"]
[EventDate "2020.02.08"]
[EventType "tourn"]
[EventCountry "DEN"]
[SourceTitle "playchess.com"]
[Source "ChessBase"]
[SourceQuality "1"]
[TimeControl "40/5400+30:1800+30"]

1. d4 d5 2. c4 c6 3. Nc3 Nf6 4. Bg5 e6 5. e3 Be7 6. Nf3 O-O 7. cxd5 cxd5 8. Be2 Nc6 9. O-O Ne4 10. Bxe7 Qxe7 11. Rc1 Nxc3 12. Rxc3 Bd7 13. a3 Rfc8 14. Qd2 a6 15. Rfc1 Qd8 16. b4 Na7 17. Rxc8 Rxc8 18. Rxc8 Qxc8 19. Bd3 Bb5 20. Bxb5 Nxb5 21. Qb2 h6 22. h3 Qc3 23. Qxc3 Nxc3 24. Ne5 Nb5 25. a4 Nc3 26. a5 Na2 27. Nd3 Kf8 28. Kf1 Nc3 29. Ne5 Na2 30. Nd3 Nc3 31. Ne5 1/2-1/2

[Event "110th Anniversary WIM 2020"]
[Site "Hilleroed"]
[Date "2020.02.10"]
[Round "4.3"]
[White "Kakulidis, Ellen"]
[Black "Nilssen, Ellen Fredericia"]
[Result "1/2-1/2"]
[ECO "A48"]
[WhiteElo "2052"]
[BlackElo "2065"]
[Annotator "NA RC"]
[PlyCount "62"]
[EventDate "2020.02.08"]
[EventType "tourn"]
[EventCountry "DEN"]
[SourceTitle "playchess.com"]
[Source "ChessBase"]
[SourceQuality "1"]
[TimeControl "40/5400+30:1800+30"]

1. d4 Nf6 2. Nf3 g6 3. Nbd2 c5 4. dxc5 Qa5 5. a3 Qxc5 6. b4 {[%emt 0:00:08] A48: 1 d4 Nf6 2 Nf3 g6: Torre, London and Colle Systems.} Qc7 7. Bb2 Bg7 8. c4 O-O 9. g3 a5 10. Bg2 d6 11. O-O axb4 12. axb4 Rxa1 13. Qxa1 Na6 14. Qa3 {[%emt 0:04:39] [#]} Bd7 $146 ({Predecessor:} 14... Qb6 15. Rb1 Bf5 16. Bd4 Qc7 17. Rc1 Ne4 18. e3 Rc8 19. Nb3 e5 20. Bb2 Qb6 {1-0 (42) Engelmann,J (2195)-Schoene,M (2191) Germany 2010}) 15. Bd4 Rc8 16. Rb1 Bf5 17. Rc1 e5 18. Bb2 Qb6 19. c5 Qxb4 20. cxd6 Qxa3 21. Bxa3 Rxc1+ 22. Bxc1 Ne8 23. Nh4 Nxd6 24. Nxf5 Nxf5 25. Bxb7 Nc5 26. Ba8 Bh6 27. Kf1 Bf8 28. Ne4 Nxe4 29. Bxe4 Nd6 30. Bd5 Kg7 31. Bb2 $11 f6 1/2-1/2

[Event "110th Anniversary WIM 2020"]
[Site "Hilleroed"]
[Date "2020.02.10"]
[Round "4.4"]
[White "Baliuniene, Margarita"]
[Black "Berke, Ana"]
[Result "1/2-1/2"]
[ECO "A57"]
[WhiteElo "1982"]
[BlackElo "2152"]
[Annotator "ChessBase"]
[PlyCount "80"]
[EventDate "2020.02.08"]
[EventType "tourn"]
[EventCountry "DEN"]
[SourceTitle "playchess.com"]
[Source "ChessBase"]
[SourceQuality "1"]
[TimeControl "40/5400+30:1800+30"]

1. d4 Nf6 2. Nf3 e6 3. c4 c5 4. d5 b5 5. e3 Bb7 6. cxb5 Nxd5 7. Nc3 Be7 8. Nxd5 Bxd5 9. Bd2 a6 10. Bc3 Bf6 11. Qc2 O-O 12. e4 Bxc3+ 13. bxc3 Bb7 14. Be2 axb5 15. Bxb5 Qa5 16. Bd3 c4 17. Bxc4 Rc8 18. Nd2 d5 19. exd5 exd5 20. Bd3 Re8+ 21. Kf1 g6 22. Nb3 Qc7 23. h4 Nd7 24. Kg1 Ne5 25. h5 Nxd3 26. Qxd3 Rxa2 27. Rd1 d4 28. Qxd4 Rae2 29. Rf1 Qc6 30. Rh2 Re1 31. Nd2 Ba6 32. c4 Rxf1+ 33. Nxf1 Bxc4 34. Ne3 Ba6 35. Rh3 Qe4 36. Qxe4 Rxe4 37. hxg6 fxg6 38. Rg3 Ra4 39. Rg5 Kg7 40. Rc5 h5 1/2-1/2

[Event "110th Anniversary WIM 2020"]
[Site "Hilleroed"]
[Date "2020.02.11"]
[Round "5.1"]
[White "Nilssen, Ellen Fredericia"]
[Black "Zaritovskaja, Margarita"]
[Result "0-1"]
[ECO "A43"]
[WhiteElo "2065"]
[BlackElo "2022"]
[Annotator "NA RC"]
[PlyCount "138"]
[EventDate "2020.02.08"]
[EventType "tourn"]
[EventCountry "DEN"]
[SourceTitle "playchess.com"]
[Source "ChessBase"]
[SourceQuality "1"]
[TimeControl "40/5400+30:1800+30"]

1. d4 Nf6 2. Nf3 c5 3. d5 g6 4. Nc3 d6 5. e4 Bg7 6. Bb5+ Nbd7 7. a4 O-O 8. O-O a6 9. Be2 Rb8 10. Re1 Ne8 {[%emt 0:04:15] [#] A43: Schmid Benoni.} 11. Bd2 $146 ({Predecessor:} 11. Bf4 b6 12. Qd2 Nc7 13. Bh6 Bxh6 14. Qxh6 f6 15. Nd2 Ne5 16. f4 Nf7 17. Qh4 b5 18. axb5 axb5 {0-1 (37) Iturrizaga Bonelli,E (2639)-Granda Zuniga,J (2647) Mar del Plata 2012}) 11... Nc7 12. Qc1 Re8 13. Bh6 Bh8 14. a5 b5 15. axb6 $1 Rxb6 16. Nd2 Ne5 17. Bf4 Rb8 18. Nb3 Nb5 19. Nd1 Qb6 (19... Nd4 $11) 20. Bxe5 Bxe5 21. Na5 Nd4 22. Bf1 Qa7 (22... e6 $14) 23. Ra3 Bd7 24. Ne3 $2 ({White should play} 24. Qd2 $16) 24... Bg7 $2 (24... Ne2+ $15 {keeps the upper hand.} 25. Bxe2 Bxb2 {[%mdl 64] Double Attack}) 25. Qa1 Rxb2 (25... Bh6 $16) 26. c3 ({Stronger than} 26. Qxb2 Nf3+ 27. gxf3 Bxb2 $17) 26... Nc2 27. Qxb2 Nxe1 28. Qd2 Nxg2 29. Nxg2 Qc7 30. Ne3 Rb8 31. Rb3 Rxb3 32. Nxb3 Qb6 33. Nc1 Qb1 34. Bxa6 Qxe4 35. Bf1 f5 36. Ng2 Be5 37. c4 f4 {[%emt 0:00:34] [#]} ({Black should try} 37... Qb1 $14) 38. Bd3 (38. Qd3 $1 $16 Qf5 39. Qxf5 Bxf5 40. Nd3) 38... Qf3 39. Be2 Qh3 $1 40. f3 g5 41. Nd3 Bd4+ 42. Kh1 Bf5 43. Nde1 $2 {[%emt 0:01:20] [#]} (43. Qd1 $14) 43... Bf2 $1 44. Bd3 Bg3 $1 45. Nxf4 Bxf4 ({Weaker is} 45... gxf4 46. Qg2 $15) 46. Qg2 {[%emt 0:00:28] [#]} Qh4 $1 47. Bxf5 Qxe1+ 48. Qg1 Qe2 49. Bg4 Qxc4 50. Qe1 (50. Be6+ $142 Kg7 51. Kg2) 50... Qc1 (50... Qc2 $142 51. Kg1 Qxh2+ 52. Kf1 Be5) 51. Qxc1 Bxc1 52. Kg2 Kg7 53. Bf5 h5 54. Kf2 Kf6 55. Be4 $2 (55. Be6 {was worth a try.}) 55... e6 56. Ke2 exd5 57. Bxd5 Ke5 58. Bf7 h4 59. Kd3 d5 60. h3 c4+ 61. Kc3 Ba3 62. Bg8 Kd6 63. Bf7 Kc5 64. Bg8 Bb4+ 65. Kc2 d4 66. Bh7 d3+ 67. Bxd3 cxd3+ 68. Kxd3 Kd5 69. Ke3 Bc5+ {[%emt 0:03:18] Kd4+ Ke5+} 0-1

[Event "110th Anniversary WIM 2020"]
[Site "Hilleroed"]
[Date "2020.02.11"]
[Round "5.5"]
[White "Kejzar, Petra"]
[Black "Baliuniene, Margarita"]
[Result "1-0"]
[ECO "A03"]
[WhiteElo "2072"]
[BlackElo "1982"]
[Annotator "NA RC"]
[PlyCount "62"]
[EventDate "2020.02.08"]
[EventType "tourn"]
[EventCountry "DEN"]
[SourceTitle "playchess.com"]
[Source "ChessBase"]
[SourceQuality "1"]
[TimeControl "40/5400+30:1800+30"]

1. b3 d5 2. Bb2 c5 3. e3 e6 4. f4 Nf6 5. Nf3 a6 6. Be2 Nc6 7. Ne5 {[%emt 0:12:11] A03: Bird's Opening with 1...d5.} Be7 8. O-O O-O 9. d3 (9. Nxc6 $14 bxc6 10. Nc3) 9... Qc7 10. Nd2 b5 11. Qe1 Bb7 {[%emt 0:02:12] [#]} 12. Rf3 $146 (12. Qg3 $11) ({Predecessor:} 12. Ndf3 Rfd8 13. Nxf7 Kxf7 14. Ng5+ Kg8 15. Nxe6 Qd7 16. Nxd8 Rxd8 17. Bf3 Rf8 18. Qg3 {1-0 (41) Gosciniak,M (2070)-Polak,S (1371) Szklarska Poreba 2017}) 12... Nb4 13. Bd1 {[%emt 0:02:15] [#]} c4 $1 14. Bd4 $1 cxd3 15. cxd3 Rac8 (15... Nd7 $11) 16. Rh3 Nc6 17. Rc1 ({White should try} 17. Nxc6 $1 $14 Bxc6 18. Qh4) 17... Qa5 18. b4 (18. Nxc6 $11 Rxc6 19. Ra1) 18... Qxb4 ({Wrong is} 18... Bxb4 $2 19. Nxc6 Rxc6 {[#]} 20. Bxf6 $3 $18 ) 19. Bc3 (19. Nxc6 $15 Rxc6 20. Rb1) 19... Qa3 $1 20. Bb3 {[%emt 0:07:57] [#]} Nxe5 ({Black should try} 20... d4 $1 $19 21. Nxc6 (21. Bxd4 Nxd4) 21... Rxc6 {[%mdl 64] Pin}) 21. fxe5 Nd7 22. Qd1 $2 (22. Nb1 $17 Qc5 23. d4) 22... b4 23. Nb1 {[%emt 0:00:20] [#]} Qa5 $1 24. Qh5 h6 25. Rg3 Kh7 ({Stronger than} 25... bxc3 26. Qxh6 Bg5 27. Qxg5 g6 28. Qh6 Qc5 29. Rh3 Qxe3+ 30. Rxe3 Rfd8 31. Rh3 f5 32. Qh8+ Kf7 33. Rh7#) 26. d4 g6 $4 {[%emt 0:00:59] [#]} (26... bxc3 $19 27. Bc2+ Kh8) 27. Bc2 $1 Rg8 {[%emt 0:00:27] [#]} 28. Rf1 $1 ({Not} 28. Rh3 Bf8 $16) 28... Bf6 29. Rh3 Bg5 30. Qxg5 h5 31. Rxh5+ Kg7 1-0

[Event "110th Anniversary WIM 2020"]
[Site "Hilleroed"]
[Date "2020.02.14"]
[Round "8.3"]
[White "Stanford, Sheila Barth"]
[Black "Berke, Ana"]
[Result "1/2-1/2"]
[ECO "B13"]
[WhiteElo "2145"]
[BlackElo "2152"]
[Annotator "NA RC"]
[PlyCount "99"]
[EventDate "2020.02.08"]
[EventType "tourn"]
[EventCountry "DEN"]
[SourceTitle "playchess.com"]
[Source "ChessBase"]
[SourceQuality "1"]
[TimeControl "40/5400+30:1800+30"]

1. d4 d5 2. Nc3 Nf6 3. Bf4 c5 4. e3 cxd4 5. exd4 a6 6. Nf3 {[%emt 0:02:32] B13: Caro-Kann: Exchange Variation and Panov-Botvinnik Attack.} Bg4 {[%emt 0:00:53] is more promising than 6...Nc6.} 7. h3 Bxf3 8. Qxf3 Nc6 9. O-O-O e6 10. g4 b5 11. g5 {[%emt 0:03:01] [#]} b4 $146 ({Better is} 11... Ng8 $14) ({Predecessor:} 11... Nd7 12. h4 Be7 13. Bh3 Nb6 14. Qg3 Nc4 15. Kb1 Qa5 16. Ne2 Rc8 17. Nc1 Qb6 {0-1 (39) Korley,K (2430)-Flaquer,L (2268) Arlington 2015}) 12. gxf6 bxc3 13. Qxc3 Qb6 {[%emt 0:02:23] [#]} 14. fxg7 $1 Bxg7 15. Bd6 Bf8 16. Bc5 Qc7 17. Rg1 Nd8 18. Rg3 Qf4+ (18... Nb7 $16 {was necessary.} 19. Re1 Bd6) 19. Kb1 Qxf2 20. Bxf8 Rxf8 21. Qa3 Rc8 22. Rg2 Qf4 23. Bxa6 Rb8 24. Rg3 Qc7 25. Rc3 Qd7 26. Bd3 f5 27. Be2 Nf7 28. Rg1 Qd6 29. Qxd6 Nxd6 30. Rc7 Rb7 31. Rxb7 Nxb7 32. Rg7 Nd6 33. c3 ({Don't do} 33. Rxh7 $6 f4) 33... f4 34. Bf3 Kd8 35. Kc2 ({Not} 35. Rxh7 Ne4 $11) 35... h6 36. Rg6 Ne4 37. h4 Ke7 38. Rxh6 Rg8 39. Kd3 Rg3 40. Ke2 Rg1 41. c4 $16 Rb1 {[%emt 0:02:40] [#]} 42. cxd5 $1 Rxb2+ 43. Kd3 Nf2+ 44. Kc4 exd5+ 45. Bxd5 Rxa2 46. Rh7+ Kd6 47. Rh6+ Ke7 48. Rh7+ Kd6 49. Rh6+ Ke7 50. Rh7+ 1/2-1/2

[Event "110th Anniversary WIM 2020"]
[Site "Hilleroed"]
[Date "2020.02.15"]
[Round "9.1"]
[White "Kakulidis, Ellen"]
[Black "Zaritovskaja, Margarita"]
[Result "0-1"]
[ECO "E05"]
[WhiteElo "2052"]
[BlackElo "2022"]
[Annotator "ChessBase"]
[PlyCount "82"]
[EventDate "2020.02.08"]
[EventType "tourn"]
[EventCountry "DEN"]
[SourceTitle "playchess.com"]
[Source "ChessBase"]
[SourceQuality "1"]
[TimeControl "40/5400+30:1800+30"]

1. d4 Nf6 2. g3 d5 3. Nf3 e6 4. Bg2 Be7 5. c4 O-O 6. O-O dxc4 7. Ne5 Nc6 8. Nxc6 bxc6 9. Nc3 Bb7 10. Qa4 Qxd4 11. Be3 Qe5 12. Qxc4 Nd5 13. Bd4 Qd6 14. Ne4 Qd8 15. Bc5 Bd6 16. Rfd1 Qe7 17. Rac1 Rfd8 18. Bd4 Rd7 19. Nc5 Bxc5 20. Bxc5 Qd8 21. Qc2 Qe8 22. e3 a5 23. Rd4 Rad8 24. Rcd1 h6 25. Qa4 e5 26. R4d2 Qe6 27. Qc2 Nb4 28. Bxb4 axb4 29. Rxd7 Rxd7 30. Rc1 Qxa2 31. Bf1 Qd5 32. Qf5 c5 33. e4 Qxe4 34. Qxe4 Bxe4 35. b3 Kf8 36. Bb5 c6 37. Ba6 Bf3 38. Kf1 Rd1+ 39. Rxd1 Bxd1 40. Bc4 Ke7 41. Kg2 Bg4 0-1